 Dungeon Crawl Stone Soup version 0.22-a0-185-ge330310 (webtiles) character file.

2065 Amnesiac the Digger (level 9, -1/57 HPs)
             Began as a Mummy Earth Elementalist on Feb 15, 2018.
             Was a Believer of Ashenzari.
             Slain by a yak (14 damage)
             ... on level 10 of the Dungeon.
             The game lasted 00:17:35 (9134 turns).

Amnesiac the Digger (Mummy Earth Elementalist)      Turns: 9134, Time: 00:17:36

Health: -1/57      AC:  5    Str:  8    XL:     9   Next: 5%
Magic:  1/17       EV: 12    Int: 17    God:    Ashenzari [**....]
Gold:   568        SH:  0    Dex: 13    Spells: 4/19 levels left

rFire    x . .     SeeInvis .   a - +1 dagger (venom)
rCold    + . .     Gourm    .   (no shield)
rNeg     + + +     Faith    .   c - +0 robe
rPois    ∞         Spirit   .   k - +0 helmet
rElec    .         Reflect  .   (no cloak)
rCorr    .         Harm     .   f - +0 pair of gloves
MR       +....     Rnd*Tele +   v - +0 pair of boots
Stlth    ++........             D - amulet of the acrobat
HPRegen  0.19/turn              i - ring of teleportation (curse)
MPRegen  0.15/turn              m - -3 ring of strength (curse)

@: very slightly contaminated
A: no food or potions, fire vulnerability, cold resistance 1, negative energy
resistance 3, torment resistance, unbreathing
a: Curse Item, Scrying, Renounce Religion


You were on level 10 of the Dungeon.
You worshipped Ashenzari.
Ashenzari was pleased with you.
You were not hungry.

You visited 2 branches of the dungeon, and saw 12 of its levels.

You collected 568 gold pieces.

Inventory:

Hand Weapons
 a - a +1 dagger of venom (weapon)
 b - a +0 blowgun
 e - a +0 dagger of speed
 x - a cursed -3 dagger
Missiles
 j - 34 poisoned needles
 B - 208 stones (quivered)
Armour
 c - a +0 robe (worn)
 f - a +0 pair of gloves (worn)
 k - a +0 helmet (worn)
 v - a +0 pair of boots (worn)
 y - a cursed +0 leather armour
 z - the +1 robe of Lobusk {*Slow rElec rCorr Dex+4}
   (You found it on level 7 of the Dungeon)

   It affects your dexterity (+4).
   It insulates you from electricity.
   It protects you from acid and corrosion.
   It may slow you when you take damage.
Jewellery
 i - a cursed ring of teleportation (left hand)
 l - a +3 amulet of reflection
 m - a cursed -3 ring of strength (right hand)
 D - an amulet of the acrobat (around neck)
Wands
 s - a wand of flame (33)
 t - a wand of acid (10)
 A - a wand of disintegration (3)
Scrolls
 g - 2 scrolls of enchant armour {!r}
 h - a scroll of magic mapping {!r}
 n - 2 scrolls of teleportation {!r}
 o - a scroll of enchant weapon {!r}
 p - 2 scrolls of blinking {!r}
 r - a scroll of amnesia {!r}
 u - 2 scrolls of remove curse {!r}
 w - a scroll of torment {!r}
 C - 2 scrolls of fear {!r}
Books
 d - a book of Geomancy

   Spells                             Type                      Level
   a - Sandblast                      Earth                        1
   b - Passwall                       Transmutation/Earth          2
   c - Stone Arrow                    Conjuration/Earth            3
   d - Petrify                        Transmutation/Earth          4
   e - Lee's Rapid Deconstruction     Earth                        5
 q - a book of Cantrips

   Spells                             Type                      Level
   a - Confusing Touch                Hexes                        1
   b - Animate Skeleton               Necromancy                   1
   c - Summon Small Mammal            Summoning                    1
   d - Apportation                    Translocation                1


   Skills:
 + Level 3.7 Short Blades
 - Level 1.5 Dodging
 - Level 3.0 Stealth
 + Level 5.9 Spellcasting
 * Level 5.8(7.3) Transmutations
 * Level 5.9(7.3) Earth Magic


You had 4 spell levels left.
You knew the following spells:

 Your Spells              Type           Power        Failure   Level  Hunger
a - Sandblast             Erth           ####..       1%          1    N/A
b - Passwall              Tmut/Erth      ####......   1%          2    N/A
c - Apportation           Tloc           #.....       12%         1    N/A
d - Lee's Rapid Deconstr  Erth           ####......   17%         5    N/A
e - Petrify               Tmut/Erth      ####....     6%          4    N/A
f - Summon Small Mammal   Summ           #...         12%         1    N/A
z - Confusing Touch       Hex            #.....       12%         1    N/A

Dungeon Overview and Level Annotations

Branches:
Dungeon (11/15)            Temple (1/1) D:5
   Lair: D:8-11         Orc: D:9-12

Altars:
Ashenzari
Cheibriados
Dithmenos
Elyvilon
Fedhas
Gozag
Hepliaklqana
Kikubaaqudgha
Makhleb
Nemelex Xobeh
Okawaru
Qazlal
Ru
Sif Muna
Trog
Uskayaw
Vehumet
Wu Jian
Xom
Yredelemnul
Zin
The Shining One

Annotations:
D:7 Nico3ck's ghost, novice FoFi


Innate Abilities, Weirdness & Mutations

You do not eat or drink.
Your flesh is vulnerable to fire.
You are immune to poison.
Your flesh is cold resistant. (rC+)
You are immune to negative energy. (rN+++)
You are immune to unholy pain and torment.
You can survive without breathing.


Message History

The gargoyle is almost destroyed.
A yak comes into view.
Unknown command.
A worker ant comes into view.
The yak bellows!
The worker ant twitches its antennae in your direction.
Found an uncursed hunting sling.
The gargoyle hurls a stone arrow at you.
The stone arrow hits you!
Casting: Lee's Rapid Deconstruction (quite dangerous; 17% risk of failure)
Confirm with . or Enter, or press ? or * to list all spells.
Aiming: Lee's Rapid Deconstruction (quite dangerous; 17% risk of failure)
Press: ? - help, Dir - move target cursor, f/p - gargoyle Fragment what (e.g. wall or brittle monster)?: a gargoyle, wielding a flail (almost destroyed)
You miscast Lee's Rapid Deconstruction.
You are very lightly contaminated with residual magic.
You feel earthy.
Unknown command.
Casting: Lee's Rapid Deconstruction (quite dangerous; 17% risk of failure)
Confirm with . or Enter, or press ? or * to list all spells.
Aiming: Sandblast (safe; 1% risk of failure)
Press: ? - help, Shift-Dir - straight line, f/p - gargoyle
Aim: a gargoyle, wielding a flail (almost destroyed)
The blast of sand hits the gargoyle.
The gargoyle is almost destroyed.
B - 208 stones The gargoyle hurls a stone arrow at you.
The stone arrow misses you.
The gargoyle hurls a stone arrow at you.
The stone arrow misses you.
The gargoyle hurls a stone arrow at you.
The stone arrow hits you!
The gargoyle hurls a stone arrow at you.
The stone arrow hits you!
* * * LOW HITPOINT WARNING * * *
There is a stone staircase leading up here.
The yak gores you.
* * * LOW HITPOINT WARNING * * *
You climb upwards.
There is a stone staircase leading down here.
You hit the yak but do no damage. You completely miss the yak.
The yak misses you.
Unknown command.
Unknown command.
Casting: Sandblast (safe; 1% risk of failure)
Confirm with . or Enter, or press ? or * to list all spells.
Aiming: Petrify (safe; 6% risk of failure)
Press: ? - help, Shift-Dir - straight line, f - yak
Aim: a yak (chance to defeat MR: 59%)
The yak resists with significant effort.
The yak closely misses you.
Unknown command.
Okay, then.
You hit the yak but do no damage.
The yak is poisoned.
The yak closely misses you.
You hit the yak.
The yak looks as sick as possible!
The yak is lightly wounded.
The yak gores you.
* * * LOW HITPOINT WARNING * * *
Okay, then.
You hit the yak but do no damage.
The yak looks as sick as possible!
The yak is lightly wounded.
The yak gores you!
You die...

*### ..#
*#..## * *
#..# *## , *
#..## .#
*#..## #.# **
###...##.#
##.>......##
#..)†).Y@..# *
##...<)..##..#
#.##.>.## * #
## ##..# #.##
#.# ###


You could see a yak.

Vanquished Creatures
  Prince Ribbit (D:6)
  Eustachio (D:5)
  Menkaure (D:4)
  3 orc warriors
  A phantom (D:7)
  An ice beast (D:5)
  A centaur (D:5)
  2 big kobolds
  A bullfrog (D:8)
  2 scorpions
  A howler monkey (D:4)
  A crimson imp (D:6)
  2 hounds (D:5)
  A bullfrog zombie (D:5)
  A centaur zombie (D:5)
  3 orc priests
  A jelly (D:8)
  3 orc wizards
  Ijyb (D:4)
  Natasha (thrice) (D:3 D:5)
  2 worker ants
  A howler monkey skeleton (D:4)
  10 adders
  2 gnolls (D:5)
  An ooze (D:5)
  2 adder skeletons
  2 worms (D:4)
  2 dart slugs
  2 leopard geckos (D:1)
  11 orcs
  3 bats
  4 giant cockroaches
  9 goblins
  8 hobgoblins
  4 jackals (D:1)
  4 quokkas
  7 frilled lizards
  15 kobolds
  A leopard gecko skeleton (D:7)
  A quokka skeleton (D:5)
  4 rats
126 creatures vanquished.

Notes
Turn   | Place    | Note
-------+----------+-------------------------------------------
     0 | D:1      | Amnesiac the Mummy Earth Elementalist began the quest for the Orb.
     0 | D:1      | Reached XP level 1. HP: 13/13 MP: 4/4
   289 | D:2      | Reached XP level 2. HP: 16/19 MP: 5/5
   356 | D:3      | Reached skill level 1 in Short Blades
   356 | D:3      | Reached XP level 3. HP: 24/24 MP: 5/7
   360 | D:3      | Learned a level 2 spell: Passwall
   417 | D:3      | Found a snail-covered altar of Cheibriados.
   748 | D:5      | Entered Level 5 of the Dungeon
   935 | D:4      | Reached XP level 4. HP: 7/30 MP: 7/9
   952 | D:4      | Noticed Menkaure
  1010 | D:4      | Killed Menkaure
  1010 | D:4      | Reached XP level 5. HP: 18/35 MP: 0/10
  1248 | D:4      | Reached XP level 6. HP: 31/41 MP: 11/11
  1666 | D:5      | Noticed Ijyb
  1673 | D:5      | Learned a level 4 spell: Petrify
  1679 | D:5      | Learned a level 5 spell: Lee's Rapid Deconstruction
  2062 | D:3      | Found a stormy altar of Qazlal.
  2212 | D:2      | Found a shattered altar of Ashenzari.
  2221 | D:2      | Became a worshipper of Ashenzari the Shackled
  2663 | D:1      | Found a shimmering altar of Xom.
  3367 | D:3      | Noticed Natasha
  3377 | D:3      | Killed Natasha
  3387 | D:3      | Noticed Natasha
  3396 | D:3      | Killed Natasha
  3657 | D:3      | Found a blossoming altar of Fedhas.
  4030 | D:5      | Found a staircase to the Ecumenical Temple.
  4088 | D:5      | Reached * piety under Ashenzari
  4269 | D:5      | Reached skill level 1 in Transmutations
  4293 | D:5      | Noticed Eustachio
  4316 | D:5      | Reached XP level 7. HP: 9/46 MP: 7/13
  5003 | D:5      | Reached skill level 5 in Spellcasting
  5003 | D:5      | Reached skill level 5 in Earth Magic
  5009 | D:5      | Noticed Natasha
  5058 | D:5      | Learned a level 1 spell: Confusing Touch
  5060 | D:5      | Learned a level 1 spell: Apportation
  5171 | D:5      | Learned a level 1 spell: Summon Small Mammal
  5172 | D:5      | Killed Natasha
  5344 | D:5      | Found a bloodstained altar of Trog.
  5764 | D:5      | Killed Eustachio
  5764 | D:5      | Reached XP level 8. HP: 32/52 MP: 1/15
  6157 | D:4      | Killed Ijyb
  6198 | Temple   | Entered the Ecumenical Temple
  6595 | D:6      | Found a white marble altar of Elyvilon.
  6865 | D:6      | HP: 2/52 [orc warrior/halberd (27)]
  7380 | D:6      | Reached skill level 5 in Transmutations
  7435 | D:6      | Noticed Prince Ribbit
  7451 | D:6      | Killed Prince Ribbit
  7571 | D:6      | Found a shimmering altar of Xom.
  7578 | D:6      | Found a glowing golden altar of the Shining One.
  7718 | D:7      | Reached ** piety under Ashenzari
  7788 | D:7      | Noticed Nico3ck's ghost (novice FoFi)
  8129 | D:7      | Got the uncursed robe of Lobusk {*Slow rElec rCorr Dex+4}
  8154 | D:7      | Identified the +1 robe of Lobusk {*Slow rElec rCorr Dex+4} (You found it on level 7 of the Dungeon)
  8173 | D:7      | Found a shadowy altar of Dithmenos.
  8906 | D:8      | Reached XP level 9. HP: 52/57 MP: 17/17
  8966 | D:10     | Entered Level 10 of the Dungeon
  9098 | D:11     | Noticed a gargoyle
  9134 | D:10     | Slain by a yak

Vault maps used:
D:1:      tarquinn_simple_flora_water_d, serial_bayou_pond_d, xom_teletrap_fun
D:2:      lemuel_crystal_altar
D:3:      fedhas_altar_fruit_tree, lemuel_doored_altar, cheibriados_altar_1,
          uniq_natasha
D:4:      first_ration, wad_floor_pattern_2, kennysheep_generic_room_14,
          uniq_menkaure
D:5:      kennysheep_mini, minmay_temple_entry_statues_fountains,
          minmay_misc_feat_plants, uniq_ijyb, uniq_eustachio
D:6:      grunt_temple_overflow_diamond, serial_corexii_hall,
          corexii_hall_statues_deadend, corexii_hall_statues_i,
          uniq_prince_ribbit1
D:7:      serial_glass, glass_columns_a, glass_columns_b, due_unseen_surprise,
          feat_on_display, nicolae_dithmenos_the_darkroom
D:9:      the_bakery
D:10:     kennysheep_orc_monster_closet_entryway, serial_shops, shop
D:11:     minmay_the_grid_square_5x5_3x3, erik_lair_orcish_takeover,
          uniq_nergalle
Temple:   regret_index_temple_generic_petals

Skill      XL: |  1  2  3  4  5  6  7  8 |
---------------+-------------------------+-----
Short Blades   | 1 2 3 |  3.7
Spellcasting   | 3 4 5 |  5.9
Earth Magic    | 3 4 5 |  5.9
Stealth        | 2 3 |  3.0
Transmutations | 1 3 5 |  5.8
Dodging        | |  1.5

Action                   |  1- 3 |  4- 6 |  7- 9 || total
-------------------------+-------+-------+-------++-------
Melee: Dagger            |    44 |   229 |   245 ||   518
       Unarmed           |       |       |     1 ||     1
 Cast: Sandblast         |     3 |    22 |    22 ||    47
       Passwall          |       |     1 |     4 ||     5
       Petrify           |       |     3 |    27 ||    30
       Confusing Touch   |       |       |     1 ||     1
       Lee's Rapid Decon |       |       |     2 ||     2
  Use: Scroll            |       |       |     9 ||     9
 Stab: Sleeping          |     7 |     4 |     3 ||    14
       Petrified         |       |     3 |    35 ||    38
       Petrifying        |       |     1 |     9 ||    10
       Distracted        |       |       |     1 ||     1
Armor: Robe              |     4 |    44 |    51 ||    99
Dodge: Dodged            |    21 |   145 |   136 ||   302
Block: Other             |       |    16 |    33 ||    49
       Reflection        |       |     1 |     1 ||     2

Table legend:
 A = Spawn XP
 B = Non-spawn XP
 C = Spawn XP percentage of total XP
 D = Spawn monster count
 E = Non-spawn monster count
 F = Spawn count percentage of total count
 G = Total turns spent on level
                    A         B        C        D         E        F      G
               +---------+---------+-------+---------+---------+-------+---------
         Total |       0 |    2951 |   0.0 |       0 |     126 |   0.0 |  9134
               +---------+---------+-------+---------+---------+-------+---------
           D:1 |       0 |      44 |   0.0 |       0 |      23 |   0.0 |   726
           D:2 |       0 |      37 |   0.0 |       0 |      15 |   0.0 |   873
           D:3 |       0 |     138 |   0.0 |       0 |      17 |   0.0 |  1099
           D:4 |       0 |     377 |   0.0 |       0 |      10 |   0.0 |  1587
           D:5 |       0 |    1008 |   0.0 |       0 |      27 |   0.0 |  2400
           D:6 |       0 |     723 |   0.0 |       0 |      11 |   0.0 |  1079
           D:7 |       0 |     376 |   0.0 |       0 |      13 |   0.0 |   659
           D:8 |       0 |     152 |   0.0 |       0 |       4 |   0.0 |   313
          D:10 |       0 |      93 |   0.0 |       0 |       5 |   0.0 |    44
          D:11 |       0 |       3 |   0.0 |       0 |       1 |   0.0 |   124
               +---------+---------+-------+---------+---------+-------+---------
